 Dungeon Crawl Stone Soup version 0.25-a0-544-gee0576305d (webtiles) character file.

Game seed: 12354521081255515543, levelgen mode: deterministic

4 drasked the Magician (level 1, -2/10 HPs)
             Began as a Deep Elf Wizard on Feb 21, 2020.
             Slain by a jackal (3 damage)
             ... on level 1 of the Dungeon.
             The game lasted 00:00:38 (141 turns).

drasked the Magician (Deep Elf Wizard)               Turns: 141, Time: 00:00:39

Health: -2/10      AC:  2    Str:  4    XL:     1   Next: 58%
Magic:  0/7        EV: 13    Int: 22    God:
Gold:   35         SH:  0    Dex: 13    Spells: 7/8 levels left

rFire    . . .     SeeInvis .   c - +0 hand axe
rCold    . . .     Gourm    .   (no shield)
rNeg     . . .     Faith    .   a - +0 robe
rPois    .         Spirit   .   b - +0 hat
rElec    .         Reflect  .   (no cloak)
rCorr    .         Harm     .   (no gloves)
MR       .....                  (no boots)
Stlth    ++........             (no amulet)
HPRegen  0.03/turn              (no ring)
MPRegen  0.10/turn              (no ring)

@: no status effects
A: no striking features
a: no special abilities


You were on level 1 of the Dungeon.
You were not hungry.

You visited 1 branch of the dungeon, and saw 1 of its levels.

You collected 35 gold pieces.

Inventory:

Hand Weapons
 c - a +0 hand axe (weapon)
   (You found it on level 1 of the Dungeon)
Missiles
 Q - 12 stones (quivered)
Armour
 a - a +0 robe (worn)
 b - a +0 hat (worn)
Scrolls
 d - a scroll of teleportation {unknown}
 g - a scroll of blinking {unknown}
Potions
 h - a potion of might {unknown}
Comestibles
 e - 2 rations
 f - a chunk of flesh {@w0}


   Skills:
 - Level 2.4 Dodging
 - Level 2.4 Stealth
 - Level 4.4 Spellcasting
 + Level 1.9 Conjurations
   Level 1.1 Summonings
   Level 1.1 Translocations


You had 7 spell levels left.
You knew the following spells:

 Your Spells              Type           Power        Failure   Level  Hunger
a - Magic Dart            Conj           ##..         4%          1    None

Your spell library contained the following spells:

 Spells                   Type           Power        Failure   Level  Hunger
 Blink                    Tloc           N/A          11%         2    #......
 Call Imp                 Summ           #.......     11%         2    #......
 Slow                     Hex            #.......     16%         2    #......
 Conjure Flame            Conj/Fire      #.......     22%         3    ##.....
 Mephitic Cloud           Conj/Pois/Air  #.......     26%         3    ##.....


Dungeon Overview and Level Annotations

Branches:
Dungeon (1/15)

Altars:


Message History

Found a stone staircase leading down.
Q - 12 stones (quivered)
c - a hand axe
c - a +0 hand axe (weapon)
You see here a robe.
You now have 12 gold pieces.
You now have 23 gold pieces (gained 11).
d - a scroll labeled TUWELA FOIN A frilled lizard comes into view.
A frilled lizard is nearby!
Aim: a frilled lizard (resting)
The magic dart hits the frilled lizard.
The frilled lizard hisses angrily.
Aim: a frilled lizard (heavily wounded)
The magic dart hits the frilled lizard.
You kill the frilled lizard!
You see here a frilled lizard corpse.
You butcher the frilled lizard corpse.
f - a chunk of flesh {@w0} You see here a frilled lizard skeleton.
You start resting.
Found an escape hatch in the floor.
Found a stone staircase leading down.
g - a scroll labeled ZAYBRY QUEBA You can't see any susceptible monsters within range! (Use Z to cast anyway.)
You can't see any susceptible monsters within range! (Use Z to cast anyway.)
You can't see any susceptible monsters within range! (Use Z to cast anyway.)
A goblin comes into view.
A goblin is nearby!
A goblin is nearby!
A goblin is nearby!
Aim: a goblin (resting)
The magic dart hits the goblin.
The goblin shouts!
Aim: a goblin (moderately wounded)
The magic dart hits the goblin.
Aim: a goblin (heavily wounded)
The magic dart hits the goblin.
Aim: a goblin (severely wounded)
The magic dart hits the goblin.
You kill the goblin!
You can't see any susceptible monsters within range! (Use Z to cast anyway.)
You start resting.
h - a fizzy cyan potion You now have 35 gold pieces (gained 12).
There is an escape hatch in the floor here.
e - 2 rations (gained 1)
A jackal comes into view.
A jackal is nearby!
A jackal is nearby!
Aim: a jackal (resting)
The magic dart hits the jackal but does no damage.
The jackal barks!
You hear a bark! x2
A jackal comes into view.
Aim: a jackal The magic dart hits the jackal.
Aim: a jackal (heavily wounded)
The magic dart hits the jackal.
Aim: a jackal (almost dead)
You miscast Magic Dart.
You are very lightly contaminated with residual magic.
Nothing appears to happen.
A kobold comes into view.
Aim: a jackal (almost dead)
The magic dart hits the jackal.
You kill the jackal!
The kobold shouts!
The kobold throws a stone.
The stone closely misses you.
A jackal comes into view.
Aim: a jackal The magic dart hits the jackal but does no damage.
The jackal barks!
* * * LOW MAGIC WARNING * * *
The kobold throws a stone.
The stone misses you. The jackal barely misses you.
A jackal comes into view.
The jackal bites you but does no damage.
The jackal bites you. The jackal bites you.
* * * LOW HITPOINT WARNING * * *
The jackal misses you.
The kobold throws a stone.
The stone closely misses you.
You see here a stone.
The jackal bites you.
* * * LOW HITPOINT WARNING * * *
Aim: a jackal The magic dart hits the jackal.
The jackal bites you.
* * * LOW HITPOINT WARNING * * *
Aim: a jackal (heavily wounded)
The magic dart hits the jackal.
You kill the jackal!
* * * LOW MAGIC WARNING * * *
The jackal barely misses you.
Aim: a jackal The magic dart hits the jackal.
* * * LOW MAGIC WARNING * * *
The jackal bites you.
* * * LOW HITPOINT WARNING * * *
Your magical contamination has completely faded away.
The jackal bites you.
You die...

...............#
#..................#
.$................# .
.................##.#
##..........>.........
..$.).........(..##.#
#...................
#.>.........K.#..(.
.#@##.........# ### #
#h#..........#.#
#####.#.#.#(.........#
#......h..#.h........#
#.........##(#####.....
#.....)..K##.##........
#............รท..#
..... #.........##.####
#. ###........#...###.


You could see 2 jackals and a kobold.

Levels and vault maps discovered:
D:1:      wander_arrival_chamber, layout_rooms

Notes
Turn   | Place    | Note
-------+----------+-------------------------------------------
     0 | D:1      | drasked the Deep Elf Wizard began the quest for the Orb.
     0 | D:1      | Reached XP level 1. HP: 10/10 MP: 7/7
    18 | D:1      | Identified a +0 hand axe (You found it on level 1 of the
                  | Dungeon)
   138 | D:1      | HP: 2/10 [jackal (2)]
   141 | D:1      | Slain by a jackal

Table legend:
 A = Turns spent in this place as a percentage of turns spent in the entire game.
 B = Non-inter-level travel turns spent in this place as a percentage of non-inter-level travel turns spent in the entire game.
 C = Inter-level travel turns spent in this place as a percentage of turns spent in this place.
 D = Turns resting spent in this place as a percentage of non-inter-level travel turns spent in this place.
 E = Turns spent auto-exploring this place as a percentage of non-inter-level travel turns spent in this place.
 F = Non-inter-level travel turns spent in this place divided by the number of levels of this place that you've seen.
                   A       B       C       D       E      F
               +-------+-------+-------+-------+-------+----------------------
         Total | 100.0 | 100.0 |   0.0 |  35.5 |  31.9 | 141.0
       Dungeon | 100.0 | 100.0 |   0.0 |  35.5 |  31.9 | 141.0
               +-------+-------+-------+-------+-------+----------------------

Table legend:
 A = Kills in this place as a percentage of kills in entire the game.
 B = Kills by you in this place as a percentage of kills by you in the entire game.
 C = Kills by friends in this place as a percentage of kills by friends in the entire game.
 D = Other kills in this place as a percentage of other kills in the entire game.
 E = Experience gained in this place as a percentage of experience gained in the entire game.
 F = Experience gained in this place divided by the number of levels of this place that you have seen.
                   A       B       C       D       E      F
               +-------+-------+-------+-------+-------+----------------------
         Total | 100.0 | 100.0 |   N/A |   N/A | 100.0 |   7.0
       Dungeon | 100.0 | 100.0 |   N/A |   N/A | 100.0 |   7.0
               +-------+-------+-------+-------+-------+----------------------

Action                   || total
-------------------------++-------
 Cast: Magic Dart        ||    14
Armor: Robe              ||     1
Dodge: Dodged            ||     6

Vanquished Creatures
  A goblin (D:1)
  2 jackals (D:1)
  A frilled lizard (D:1)
4 creatures vanquished.
